[Event "Early-Titled-Tuesday-Blitz-December-26-2023"]
[Site "Chess.com"]
[Date "2023.12.26"]
[Round "2"]
[White "GP9isback23"]
[Black "Kacparov"]
[Result "0-1"]
[WhiteElo "2624"]
[BlackElo "2955"]
[TimeControl "180+1"]
[EndTime "8:17:17 PST"]
[Termination "Kacparov won by resignation"]

1. d4 Nf6 2. Nf3 e6 3. c4 Bb4+ 4. Bd2 a5 5. e3 O-O 6. Be2 d5 7. O-O b6 8. Nc3 Ba6 9. b3 Nbd7 10. a3 Bxc3 11. Bxc3 c5 12. Rc1 Rc8 13. dxc5 Nxc5 14. b4 axb4 15. Bxb4 dxc4 16. Bxc4 Bxc4 17. Rxc4 Nd5 18.
Qc2 Nxb4 19. axb4 Na6 20. b5 Nc5 21. Nd4 h6 22. Nc6 Qf6 23. Rd1 Ra8 24. Rcd4 g6 25. h3 Ra3 26. Rf4 Qc3 27. Qe2 Kg7 28. h4 h5 29.
Rfd4 Ra1 30. Rxa1 Qxa1+ 31. Kh2 Qb1 32. g3 Ra8 33. Rf4 Ra1 34. Qf3 Qg1+ 35. Kh3 f5 36. Qg2 Qxg2+ 37. Kxg2 Ne4 38. Rf3 Kf6 39. Rf4 e5 40.
Rf3 Rb1 41. Na7 Rb2 42. Nc8 Nd2 43. Nd6 Nxf3 44. Kxf3 Ke6 45. Nc4 Rxb5 0-1

[Event "Early-Titled-Tuesday-Blitz-December-26-2023"]
[Site "Chess.com"]
[Date "2023.12.26"]
[Round "2"]
[White "tetrix83"]
[Black "Aygehovit1992"]
[Result "1-0"]
[WhiteElo "2570"]
[BlackElo "2759"]
[TimeControl "180+1"]
[EndTime "8:17:17 PST"]
[Termination "tetrix83 won by resignation"]

1. e4 c5 2. Nf3 d6 3. Bc4 Nf6 4. Qe2 Nc6 5. c3 Bg4 6. h3 Bxf3 7. Qxf3 a6 8. O-O Ne5 9. Qe2 Nxc4 10. Qxc4 b5 11. Qe2 e6 12. d4 d5 13. e5 Ne4 14.
Bf4 cxd4 15. cxd4 Qb6 16. Qe3 Rc8 17. Kh2 g5 18. Bg3 h5 19. h4 Bh6 20. hxg5 Bxg5 21. f4 h4 22. Be1 Be7 23. Nc3 h3 24. g3 Rc4 25. Rd1 Nxc3 26. bxc3 b4 27. f5 bxc3 28. fxe6 fxe6 29. Bxc3 Qc6 30. Rf3 Qa4 31. Rd2 Qa3 32. Rb2 Rc8 33. Qd3 Qa4 34. Rff2 Rg8 35. Qh7 Rf8 36. Rxf8+ Bxf8 37. Rb7 Qc6 38. Qf7+ Kd8 39. Qxf8+ 1-0

[Event "Early-Titled-Tuesday-Blitz-December-26-2023"]
[Site "Chess.com"]
[Date "2023.12.26"]
[Round "2"]
[White "Zq1"]
[Black "PeshkaCh"]
[Result "0-1"]
[WhiteElo "2406"]
[BlackElo "2834"]
[TimeControl "180+1"]
[EndTime "8:17:17 PST"]
[Termination "PeshkaCh won by checkmate"]

1. d4 Nf6 2. c4 e6 3. Nf3 d5 4. Nc3 Be7 5. g3 O-O 6. Bg2 c5 7. cxd5 Nxd5 8. O-O Nc6 9. Nxd5 exd5 10. Be3 c4 11. b3 Be6 12. Ne5 Nxe5 13. dxe5 Qc7 14. Bd4 b5 15. f4 f5 16. exf6 Bxf6 17. Bxf6 Rxf6 18. Qd4 Rd8 19. Rad1 Rff8 20. b4 a5 21. a3 axb4 22. axb4 Qd6 23. f5 Rxf5 24. Rxf5 Bxf5 25.
Bxd5+ Kh8 26. e4 Bg4 27. Ra1 Qxb4 28. Bxc4 Qe7 29. Bd5 Rc8 30. Ra7 Qf8 31. Ra1 h6 32. Rf1 Qe7 33. Rf7 Qg5 34. Rf1 Rc1 35. h4 Rxf1+ 36.
Kxf1 Qc1+ 37. Kf2 Qc2+ 38. Ke3 Qe2+ 39. Kf4 Qf3+ 40. Ke5 Qf6# 0-1

[Event "Early-Titled-Tuesday-Blitz-December-26-2023"]
[Site "Chess.com"]
[Date "2023.12.26"]
[Round "2"]
[White "Jospem"]
[Black "ftorodent"]
[Result "1-0"]
[WhiteElo "3069"]
[BlackElo "2658"]
[TimeControl "180+1"]
[EndTime "8:17:18 PST"]
[Termination "Jospem won on time"]

1. e4 e6 2. d4 d5 3. Nd2 c5 4. exd5 exd5 5. Ngf3 Nc6 6. Bb5 Bd6 7. O-O Ne7 8. dxc5 Bxc5 9. Nb3 Bd6 10. h3 O-O 11. Bd3 h6 12. c3 Bf5 13. Bxf5 Nxf5 14.
Qd3 Qd7 15. Bd2 Rad8 16. Rfe1 Rfe8 17. Rad1 Rxe1+ 18. Rxe1 Nfe7 19. Be3 Ng6 20. Rd1 b6 21. Qb5 Nce5 22. Qe2 Qf5 23. Nbd4 Nxf3+ 24. Qxf3 Qxf3 25. Nxf3 Bc5 26. Bc1 Be7 27. Be3 Bc5 28. Bc1 Be7 29. Kf1 Kf8 30. Nd4 Bf6 31. Nb5 Rd7 32. Be3 Ke7 33. a4 Nf8 34. a5 a6 35. Bxb6 Ne6 36.
Na7 d4 37. Nc6+ Ke8 38. Nxd4 Rd5 39. b4 Kd7 40. g3 Bxd4 41. Bxd4 Kc6 42. Ke2 Kb5 43. Be3 Rxd1 44. Kxd1 Kc4 45. Kd2 Nc7 46. Bd4 g6 47. Ke3 Nd5+ 48. Ke4 f6 49. g4 1-0

[Event "Early-Titled-Tuesday-Blitz-December-26-2023"]
[Site "Chess.com"]
[Date "2023.12.26"]
[Round "2"]
[White "Rakitic2010"]
[Black "pirulillo"]
[Result "0-1"]
[WhiteElo "2507"]
[BlackElo "2277"]
[TimeControl "180+1"]
[EndTime "8:17:18 PST"]
[Termination "pirulillo won on time"]

1. e4 c5 2. Nf3 e6 3. d4 cxd4 4.
Nxd4 Nf6 5. Nc3 Nc6 6. Ndb5 d6 7. Bf4 e5 8. Bg5 a6 9. Na3 b5 10. Nd5 Be7 11. Bxf6 Bxf6 12. c4 b4 13. Nc2 O-O 14.
g3 a5 15. Bg2 Be6 16. O-O Rb8 17. b3 Qd7 18. Qh5 Bd8 19. Qd1 Bb6 20. Nxb6 Rxb6 21. c5 dxc5 22. Qxd7 Bxd7 23. Rad1 Nd4 24. Ne3 Be6 25.
f4 a4 26. f5 Bc8 27. Nc4 Ra6 28. Nxe5 axb3 29. axb3 Nxb3 30. Rd5 Bb7 31. Rd7 Bc6 32. Rc7 Nd4 33. f6 b3 34. fxg7 Kxg7 35. Nxf7 b2 36.
e5 Ra1 37. Ng5+ Kg6 38. Rxc6+ Nxc6 39. Be4+ Kxg5 40. h4+ Kh6 0-1

[Event "Early-Titled-Tuesday-Blitz-December-26-2023"]
[Site "Chess.com"]
[Date "2023.12.26"]
[Round "2"]
[White "IAgrest"]
[Black "viviania"]
[Result "1/2-1/2"]
[WhiteElo "2461"]
[BlackElo "2820"]
[TimeControl "180+1"]
[EndTime "8:17:20 PST"]
[Termination "Game drawn by repetition"]

1. e4 Nf6 2. e5 Nd5 3. d4 d6 4. c4 Nb6 5. exd6 exd6 6. Nc3 Be7 7.
Nf3 Bg4 8. h3 Bh5 9. b3 O-O 10.
Be2 d5 11. c5 Nc8 12. O-O c6 13.
Ne5 Bxe2 14. Nxe2 Nd7 15. f4 f5 16. Ng3 g6 17. Nh1 Bf6 18. Nf2 Ne7 19. Nfd3 Bg7 20. g4 Nf6 21. Be3 Ne4 22. Bf2 Bf6 23. Qe1 fxg4 24. hxg4 Bxe5 25. dxe5 Qd7 26. Qe2 h5 27. Bh4 hxg4 28. Bxe7 Qxe7 29. Qxg4 Rf7 30. f5 Qg5 31. Qxg5 Nxg5 32. f6 Ne6 33. b4 Rh7 34. Nf4 Kf7 35.
Kg2 Rah8 36. Nxe6 Rh2+ 37. Kg3 Kxe6 38. f7 R2h3+ 39. Kg2 Rh2+ 40. Kg3 R2h3+ 41. Kg2 Rh2+ 42. Kg3 1/2-1/2

[Event "Early-Titled-Tuesday-Blitz-December-26-2023"]
[Site "Chess.com"]
[Date "2023.12.26"]
[Round "2"]
[White "zverr1"]
[Black "BeardedNM"]
[Result "1-0"]
[WhiteElo "2484"]
[BlackElo "2164"]
[TimeControl "180+1"]
[EndTime "8:17:25 PST"]
[Termination "zverr1 won on time"]

1. e4 e6 2. d4 d5 3. Bd3 dxe4 4. Bxe4 Nf6 5. Bf3 c5 6. Ne2 Nc6 7. Be3 cxd4 8. Nxd4 Ne5 9. Nc3 a6 10.
Qe2 Bd6 11. O-O-O O-O 12. Bg5 h6 13. Bxf6 Qxf6 14. Ne4 Qf4+ 15. Kb1 Nxf3 16. Nxf3 Be7 17. Nc3 Qc7 18. Rhe1 Rd8 19. Rxd8+ Qxd8 20. Rd1 Qc7 21. Qe5 Qxe5 22. Nxe5 Bf6 23. f4 Bxe5 24. fxe5 b5 25. Rd8+ Kh7 26. g4 Kg6 27. b4 Bb7 28. Rd7 Rc8 29.
Kb2 Bf3 30. h3 Rc4 31. Kb3 h5 32. gxh5+ Bxh5 33. a4 Rh4 34. axb5 axb5 35. Rd3 Kf5 36. Re3 Kf4 37. Re4+ Kg5 38. Rxh4 Kxh4 39. Nxb5 Kxh3 40.
Nd4 1-0

[Event "Early-Titled-Tuesday-Blitz-December-26-2023"]
[Site "Chess.com"]
[Date "2023.12.26"]
[Round "2"]
[White "Slovak_fighter2000"]
[Black "Pastore1978"]
[Result "1-0"]
[WhiteElo "2510"]
[BlackElo "2209"]
[TimeControl "180+1"]
[EndTime "8:17:26 PST"]
[Termination "Slovak_fighter2000 won on time"]

1. e4 e6 2. d4 d5 3. e5 c5 4. c3 Nc6 5. Nf3 Bd7 6. Bd3 Rc8 7. O-O cxd4 8. Re1 Qb6 9. h4 h6 10. h5 a5 11. a3 Bc5 12. Qe2 a4 13. Nbd2 dxc3 14. bxc3 Na5 15. Rb1 Nb3 16. c4 Ne7 17.
Bc2 dxc4 18. Nxc4 Qa6 19. Bd3 b5 20. Ncd2 Nd5 21. Nxb3 Nc3 22. Qb2 axb3 23. Ra1 Qb6 24. Rf1 Bc6 25. Qxb3 Bd5 26. Qb2 Na4 27. Qe2 O-O 28.
Nd2 Nc3 29. Qg4 f5 30. exf6 Rxf6 31. Bb2 Rxf2 32. Rxf2 Bxf2+ 33. Kh1 Bd4 34. Qg6 Qd8 35. Qh7+ Kf7 36. Rf1+ Ke7 37. Qg6 Kd7 38. Qg4 Qe7 39. Qxd4 1-0

[Event "Early-Titled-Tuesday-Blitz-December-26-2023"]
[Site "Chess.com"]
[Date "2023.12.26"]
[Round "2"]
[White "isaak2009"]
[Black "snowlord"]
[Result "0-1"]
[WhiteElo "2619"]
[BlackElo "2935"]
[TimeControl "180+1"]
[EndTime "8:17:28 PST"]
[Termination "snowlord won by checkmate"]

1. e4 Nc6 2. d4 e5 3. d5 Nce7 4. c4 Ng6 5. Nc3 Nf6 6. f3 Bc5 7. Nge2 a5 8. Na4 Ba7 9. Qd3 d6 10. Be3 Bxe3 11. Qxe3 Bd7 12. Nac3 O-O 13. g3 c6 14.
dxc6 bxc6 15. O-O-O Be6 16. f4 Bxc4 17. f5 Ne7 18. g4 Nxg4 19. Qg3 Nf6 20. Rg1 g6 21.
Qg5 Kg7 22. Ng3 Bxf1 23. Rgxf1 h6 24. Qd2 d5 25. fxg6 fxg6 26. exd5 cxd5 27. Qe2 Qc7 28.
Kb1 Rab8 29. Ka1 d4 30. Nce4 Nxe4 31. Qxe4 Qd6 32. h4 Rxf1 33. Rxf1 Rf8 34. Rg1 Qd5 35. Qc2 d3 36. Qc7 Rf7 37. Nh5+ Kh8 38. Qb8+ Kh7 39. Ng3 d2 40. Rd1 Nc6 41. Qc8 Nb4 42. a3 Qa2# 0-1

[Event "Early-Titled-Tuesday-Blitz-December-26-2023"]
[Site "Chess.com"]
[Date "2023.12.26"]
[Round "2"]
[White "bascheyaro"]
[Black "Mikayel99"]
[Result "1-0"]
[WhiteElo "2825"]
[BlackElo "2584"]
[TimeControl "180+1"]
[EndTime "8:17:28 PST"]
[Termination "bascheyaro won by resignation"]

1. d4 d5 2. Nf3 Nf6 3. c4 e6 4. Nc3 c5 5. cxd5 Nxd5 6. e4 Nxc3 7. bxc3 cxd4 8. cxd4 Bb4+ 9. Bd2 Bxd2+ 10. Qxd2 O-O 11.
Be2 b6 12. O-O Bb7 13. Qe3 Nd7 14. Rfd1 Rc8 15. a4 Nf6 16. Nd2 Qd7 17. a5 b5 18.
a6 Ba8 19. f3 Rfd8 20. Nb3 Qc6 21. Qd3 b4 22. Rdc1 Qb6 23. Qb5 Qxb5 24. Bxb5 Rc3 25.
Rxc3 bxc3 26. Rc1 Rb8 27. Bc4 Nd7 28. Rxc3 Rc8 29. Rc1 Nb6 30. Bb5 Kf8 31. Kf2 Ke7 32.
Rxc8 Nxc8 33. Ke3 Kd6 34. Nd2 Nb6 35. h4 Bc6 36. Bd3 Ba4 37. e5+ Kc6 38. Bxh7 Bb5 39. Bg8 Nd5+ 40. Kf2 Kd7 41. Bxf7 Ke7 42. Bg8 Bxa6 43.
Nb3 Bc4 44. Nc5 Nf4 45. g4 Nd3+ 46. Ke3 Nb4 47. h5 a5 48. g5 Nd5+ 49. Kd2 Nf4 50. h6 gxh6 51. gxh6 Kf8 52. h7 Ng6 53. Bxe6 Bb5 54.
Bf5 Nh8 55. d5 Ke7 56. d6+ Kd8 57. f4 1-0

[Event "Early-Titled-Tuesday-Blitz-December-26-2023"]
[Site "Chess.com"]
[Date "2023.12.26"]
[Round "2"]
[White "BilodeauA"]
[Black "GiorgianBarbosa"]
[Result "1-0"]
[WhiteElo "2886"]
[BlackElo "2507"]
[TimeControl "180+1"]
[EndTime "8:17:28 PST"]
[Termination "BilodeauA won by resignation"]

1. e4 c5 2. Nf3 g6 3. c3 Bg7 4. d4 cxd4 5. cxd4 d5 6. e5 Bg4 7.
Bb5+ Nd7 8. h3 Bxf3 9. Qxf3 e6 10. Nc3 Ne7 11. Bg5 O-O 12. O-O a6 13. Bd3 b5 14.
Qf4 Nb6 15. Qh4 Ra7 16. Rac1 Qd7 17. Ne2 Rc8 18. Bf6 Rac7 19. Rxc7 Rxc7 20. Nf4 Nc4 21. b3 Nd2 22. Bxg7 Kxg7 23. Nh5+ gxh5 24. Qg5+ Ng6 25. Qxd2 Qe7 26. Re1 Qh4 27. Bf1 Qf4 28. Re3 h4 29.
Qd1 Qg5 30. a4 bxa4 31. bxa4 a5 32. Qe1 Nf4 33. Kh2 Rc2 34. Rf3 Nh5 35. Qxa5 Rc1 36.
Qb5 Ra1 37. a5 Qc1 38. a6 Qxf1 39. Qxf1 Rxf1 40. Ra3 Rxf2 41. a7 Rf1 42. a8=Q Ng3 43. Rxg3+ hxg3+ 44. Kxg3 Rd1 45. Qa4 Rd3+ 46. Kh2 Re3 47.
Qb4 Re4 48. Qd2 1-0

[Event "Early-Titled-Tuesday-Blitz-December-26-2023"]
[Site "Chess.com"]
[Date "2023.12.26"]
[Round "2"]
[White "ilya2700"]
[Black "TitarovVasiliYouTube"]
[Result "1-0"]
[WhiteElo "2331"]
[BlackElo "2536"]
[TimeControl "180+1"]
[EndTime "8:17:28 PST"]
[Termination "ilya2700 won on time"]

1. e4 c5 2. c4 Nc6 3. Ne2 g6 4. d4 cxd4 5. Nxd4 Bg7 6. Be3 Nf6 7.
Nc3 O-O 8. Be2 d6 9. O-O Nxd4 10. Bxd4 Bd7 11. f4 Bc6 12. Bf3 Nd7 13. Bxg7 Kxg7 14.
Qe2 a5 15. Rad1 Qb6+ 16. Kh1 a4 17. e5 Bxf3 18. Rxf3 Qc6 19. Qd3 Nc5 20. Qd4 Ne6 21. Qd5 Rfd8 22. f5 Qxd5 23. cxd5 Nc5 24. Rdf1 Rf8 25.
exd6 exd6 26. h3 a3 27. b4 Nd7 28. Nb5 Ne5 29. Rxa3 Rxa3 30. Nxa3 Ra8 31. Nb5 Ra6 32.
f6+ Kf8 33. Rc1 Ra8 34. Nxd6 Nd7 35. Nxb7 Nxf6 36. d6 Ke8 37. Rc7 Nd7 38. a4 Rb8 39.
a5 Ra8 40. a6 1-0

[Event "Early-Titled-Tuesday-Blitz-December-26-2023"]
[Site "Chess.com"]
[Date "2023.12.26"]
[Round "2"]
[White "Kotlyar_K"]
[Black "LeoWin2012"]
[Result "1-0"]
[WhiteElo "2512"]
[BlackElo "2234"]
[TimeControl "180+1"]
[EndTime "8:17:30 PST"]
[Termination "Kotlyar_K won by checkmate"]

1. e4 e6 2. Nf3 d5 3. Nc3 d4 4.
Ne2 c5 5. c3 Nc6 6. cxd4 cxd4 7. Qa4 Bc5 8. b4 Be7 9. Nexd4 Bd7 10. Nxc6 Bxc6 11. b5 Bd7 12. Qb3 Nf6 13. Bd3 Qb6 14. O-O O-O 15. Bb2 Rfd8 16. Rac1 Rac8 17. Bd4 Qa5 18.
Bc3 Qb6 19. Bxf6 Bxf6 20. e5 Be7 21. Rxc8 Rxc8 22. a4 a6 23. Rb1 axb5 24. axb5 Rc5 25. Bxh7+ Kxh7 26. Qd3+ Kg8 27. Qxd7 Bf8 28. d4 Rc7 29.
Qe8 Rc4 30. h4 Qc7 31. g3 Rc3 32. Kg2 b6 33. Qa8 Qc4 34. Qe4 g6 35. h5 Qd3 36.
Qxd3 Rxd3 37. hxg6 fxg6 38. Rc1 Bg7 39. Rc6 Rb3 40. Rxb6 Bf8 41. Rxe6 Rxb5 42. Rxg6+ Kf7 43. Ra6 Ke7 44. g4 Bg7 45. Kg3 Rb3 46. Kf4 Kf7 47.
Ke4 Bf8 48. Ng5+ Kg7 49. f4 Be7 50. Ra7 Kf8 51. d5 Ke8 52. d6 Rb4+ 53. Kf5 Bxg5 54. Kxg5 Kd8 55. Kf5 Rb5 56. g5 Ke8 57. g6 Kf8 58.
Kf6 Rb8 59. Rh7 Kg8 60. Rc7 Rf8+ 61. Kg5 Rd8 62. d7 Kg7 63. Rc8 Rxd7 64. f5 Rd1 65.
f6# 1-0

[Event "Early-Titled-Tuesday-Blitz-December-26-2023"]
[Site "Chess.com"]
[Date "2023.12.26"]
[Round "2"]
[White "Schattman"]
[Black "C_K_G"]
[Result "1-0"]
[WhiteElo "2459"]
[BlackElo "2030"]
[TimeControl "180+1"]
[EndTime "8:17:30 PST"]
[Termination "Schattman won on time"]

1. c4 e5 2. b3 Bc5 3. Bb2 Nc6 4. e3 a6 5. Nf3 d6 6. d4 exd4 7. exd4 Ba7 8. Bd3 Nge7 9. O-O Bg4 10. Nbd2 Nxd4 11.
h3 Nxf3+ 12. Nxf3 Bh5 13. Bxg7 Rg8 14. Bf6 Qd7 15. Qe2 O-O-O 16. Kh2 Rde8 17. Be4 Nc6 18. Qd3 Bg6 19. Rae1 Bxe4 20. Rxe4 Rg6 21. Rxe8+ Qxe8 22. Re1 Qg8 23. Qf5+ Kb8 24. Nh4 Rh6 25. g4 Ka8 26.
Re4 Bxf2 27. Qxf2 Ne5 28. Bxe5 dxe5 29. Rxe5 b6 30. Nf5 Rf6 31. Qe2 Qg5 32. Qe4+ Ka7 33.
Re8 b5 34. Ra8+ Kb6 35. Rb8+ Ka5 36. b4+ Kxb4 37. cxb5+ Ka3 38. bxa6 Qd2+ 39. Kg3 1-0

[Event "Early-Titled-Tuesday-Blitz-December-26-2023"]
[Site "Chess.com"]
[Date "2023.12.26"]
[Round "2"]
[White "Sanyura"]
[Black "mbojan"]
[Result "1-0"]
[WhiteElo "2632"]
[BlackElo "2909"]
[TimeControl "180+1"]
[EndTime "8:17:32 PST"]
[Termination "Sanyura won by resignation"]

1. e4 a6 2. d4 e6 3. Nf3 d5 4. Nc3 Nf6 5. Bg5 Be7 6. e5 Nfd7 7. h4 c5 8. Bd3 cxd4 9. Ne2 Nc6 10. Nexd4 Nxd4 11. Nxd4 Nxe5 12. Qh5 Bxg5 13. hxg5 Qb6 14. O-O-O Bd7 15. c3 g6 16. Qe2 Nc6 17. Bc2 O-O-O 18. f4 Kb8 19. g3 Ka8 20. Rh2 Nxd4 21. Rxd4 Rc8 22. Qe5 Qc7 23. Qxc7 Rxc7 24. Rh6 Rcc8 25. Kd2 Kb8 26. Ke3 Kc7 27. Rd1 Rcg8 28. Rdh1 Rg7 29.
Kd4 Kd6 30. a4 a5 31. b3 b6 32. Rb1 Bc6 33. b4 Rc8 34. bxa5 bxa5 35. Rb6 Kc7 36. Ra6 Kb7 37. Rxa5 Bd7 38. Rc5 Rxc5 39. Kxc5 Kc7 40. a5 Bc8 41. Bd3 Bb7 42. a6 Ba8 43. Rh2 Bc6 44.
a7 Ba8 45. Kd4 Rg8 46. Rxh7 Kd6 47. Rxf7 Rh8 48. Bb5 e5+ 49. fxe5+ Ke6 50. Rf6+ Ke7 51. Bc6 Bxc6 52. Rxc6 Ra8 53. Rc7+ Ke6 54. g4 Rxa7 55.
Rc6+ Kf7 56. Kxd5 Ra3 57. Rc7+ Kf8 58. Kd6 Ra6+ 59. Rc6 Ra4 60. c4 Ra7 61. Ke6 Re7+ 62. Kf6 Rf7+ 63. Kxg6 Re7 64. Rc8+ Re8 65. Rxe8+ Kxe8 66. Kf6 1-0

[Event "Early-Titled-Tuesday-Blitz-December-26-2023"]
[Site "Chess.com"]
[Date "2023.12.26"]
[Round "2"]
[White "biostatistician"]
[Black "jacky72"]
[Result "0-1"]
[WhiteElo "2585"]
[BlackElo "2828"]
[TimeControl "180+1"]
[EndTime "8:17:35 PST"]
[Termination "jacky72 won on time"]

1. d4 Nf6 2. Nf3 e6 3. c4 c5 4. e3 d5 5. Nc3 cxd4 6. exd4 Nc6 7. cxd5 exd5 8. Bb5 Be7 9. Ne5 Bd7 10. O-O O-O 11. Qa4 Qc7 12. Bf4 Bd6 13. Rac1 a6 14. Bxc6 Bxc6 15. Qb3 Rfe8 16. Bg3 Rac8 17. Rfe1 h6 18.
h3 Re6 19. Nxc6 Rxe1+ 20. Rxe1 bxc6 21. Bxd6 Qxd6 22. Qb7 Rb8 23. Qxa6 Rxb2 24. Re2 Rb4 25. Qc8+ Kh7 26. Qf5+ g6 27. Qd3 Kg7 28. g3 c5 29.
dxc5 Qxc5 30. Kg2 Rc4 31. Nd1 Rd4 32. Qc3 Qxc3 33. Nxc3 Rc4 34. Nb5 Ne4 35. f3 Ng5 36. Rd2 Rc5 37. a4 Ne6 38. Ra2 d4 39. Kf2 Kf6 40. Ke2 Rc1 41. a5 Nc5 42. a6 Rh1 43.
Ra3 d3+ 44. Ke3 Rh2 45. a7 Re2+ 46. Kd4 d2 47. Ra1 Re1 48. a8=Q Rxa1 49. Qh8+ Ke7 0-1

[Event "Early-Titled-Tuesday-Blitz-December-26-2023"]
[Site "Chess.com"]
[Date "2023.12.26"]
[Round "2"]
[White "defenceboy"]
[Black "Sadykov_Ramil"]
[Result "1-0"]
[WhiteElo "2892"]
[BlackElo "2604"]
[TimeControl "180+1"]
[EndTime "8:17:36 PST"]
[Termination "defenceboy won on time"]

1. e4 e5 2. Nf3 Nf6 3. Nxe5 d6 4. Nd3 Nxe4 5. Nf4 d5 6. d4 c6 7. Bd3 Bd6 8. O-O O-O 9. Nc3 f5 10. f3 Nxc3 11. bxc3 Qh4 12. g3 Qf6 13. Re1 Na6 14. Bxa6 bxa6 15. Nd3 a5 16. Bf4 Bxf4 17. Nxf4 Ba6 18.
Re6 Qf7 19. Rxc6 Bb5 20. Rc5 Bc4 21. Nd3 f4 22. Ne5 Qe6 23. g4 Rfc8 24. Rxc8+ Rxc8 25. Qc1 Qf6 26. Qa3 h5 27. Re1 hxg4 28. Nxg4 Qg6 29. Qe7 Kh7 30. Kh1 Qxc2 31. Nf6+ Kh6 32. Qe6 gxf6 33.
Qxc8 Qf2 34. Qh3+ Kg7 35. Qg2+ Qxg2+ 36. Kxg2 Bxa2 37. Ra1 Bc4 38. Rxa5 a6 39. Kh3 Kg6 40. Kg4 1-0

[Event "Early-Titled-Tuesday-Blitz-December-26-2023"]
[Site "Chess.com"]
[Date "2023.12.26"]
[Round "2"]
[White "enestnrvrd"]
[Black "igorkovalenko"]
[Result "1-0"]
[WhiteElo "2634"]
[BlackElo "2889"]
[TimeControl "180+1"]
[EndTime "8:17:37 PST"]
[Termination "enestnrvrd won by checkmate"]

1. d4 Nf6 2. c4 e6 3. Nf3 b6 4.
g3 Ba6 5. Qc2 Bb4+ 6. Bd2 c5 7.
Bg2 Nc6 8. dxc5 Bxc5 9. O-O Rc8 10. Rd1 O-O 11. Bg5 h6 12. Bxf6 Qxf6 13. Nc3 Nb4 14. Qd2 Bxc4 15. Ne4 Qe7 16. a3 Nd5 17. b4 f5 18. Nxc5 bxc5 19. Ne5 Bb3 20. Rdb1 c4 21. Ng6 Qf6 22. Nxf8 Kxf8 23. Bxd5 c3 24. Qe3 Bxd5 25.
Rc1 Rc7 26. f3 c2 27. a4 Qb2 28. b5 Kf7 29. h4 Kg6 30. Kh2 e5 31. g4 Be6 32.
Rg1 f4 33. Qe4+ Kf7 34. Rac1 Qd4 35. Qh7 Qf2+ 36. Rg2 Qxh4+ 37. Kg1 Rc4 38. Rxc2 Rxa4 39. Rc1 Rb4 40. Qh8 Rxb5 41. Rh2 Qg3+ 42. Rg2 Qh4 43. Rh2 Qg5 44. Rc8 Qe7 45. Qg8+ Kf6 46. Rf8+ Kg6 47.
Rxh6+ Kg5 48. Rh5+ Kg6 49. Qh7# 1-0

[Event "Early-Titled-Tuesday-Blitz-December-26-2023"]
[Site "Chess.com"]
[Date "2023.12.26"]
[Round "2"]
[White "Schachmalanders"]
[Black "Alex_Banzea"]
[Result "1/2-1/2"]
[WhiteElo "2393"]
[BlackElo "2653"]
[TimeControl "180+1"]
[EndTime "8:17:37 PST"]
[Termination "Game drawn by stalemate"]

1. e4 c6 2. Nf3 d5 3. Nc3 dxe4 4. Nxe4 Nf6 5. Qe2 Nxe4 6. Qxe4 Be6 7. Bc4 Bd5 8. Bxd5 Qxd5 9. Qxd5 cxd5 10. O-O Nc6 11.
d4 e6 12. c3 Bd6 13. Bg5 f6 14. Bh4 g5 15. Bg3 Bxg3 16. hxg3 Kf7 17. Rfe1 Ne7 18.
g4 Nc8 19. Re2 Nd6 20. Rae1 Rae8 21. Nd2 h5 22. gxh5 Rxh5 23. f3 g4 24. Kf2 gxf3 25. gxf3 Nf5 26. Rg1 Rh2+ 27. Ke1 Reh8 28. Nf1 Rxe2+ 29.
Kxe2 b5 30. Rg2 b4 31. Ne3 bxc3 32. bxc3 Nxe3 33. Kxe3 Rc8 34. Kd3 Rc4 35. Rb2 Ra4 36. Rc2 Kg6 37. Ke3 Kf5 38. Rh2 Ra3 39. Kd3 a5 40. Rh5+ Kf4 41. Rh6 Kg5 42. Rh2 e5 43. Rh8 Kf4 44. Rd8 Kxf3 45. dxe5 fxe5 46. Rxd5 e4+ 47. Kd4 Rxa2 48. Rf5+ Kg4 49. Re5 Re2 50. Rxe4+ Rxe4+ 51. Kxe4 a4 52. Kd3 Kf5 53. Kc4 Ke5 54. Kb4 Kd5 55. c4+ Kc6 56. Kxa4 Kc5 57. Kb3 Kc6 58.
Kb4 Kb6 59. c5+ Kc6 60. Kc4 Kc7 61. Kd5 Kd7 62. Ke5 Kc6 63. Kd4 Kc7 64. Kc4 Kc6 65.
Kb4 Kc7 66. Kb5 Kb7 67. c6+ Kc7 68. Kc5 Kc8 69. Kb6 Kb8 70. c7+ Kc8 71. Kc6 1/2-1/2

[Event "Early-Titled-Tuesday-Blitz-December-26-2023"]
[Site "Chess.com"]
[Date "2023.12.26"]
[Round "2"]
[White "PavelChernomordik"]
[Black "Hoshka"]
[Result "0-1"]
[WhiteElo "2435"]
[BlackElo "2037"]
[TimeControl "180+1"]
[EndTime "8:17:37 PST"]
[Termination "Hoshka won by checkmate"]

1. e4 e5 2. Nf3 Nc6 3. Bb5 a6 4. Ba4 Nf6 5. Nc3 Bc5 6. O-O d6 7. h3 h6 8. d3 O-O 9. a3 Be6 10. Bxc6 bxc6 11. d4 exd4 12. Nxd4 Bxd4 13. Qxd4 c5 14.
Qd3 Qb8 15. b3 Qb7 16. Qf3 Nd7 17. Qg3 Kh8 18. f4 f5 19. e5 d5 20. Qg6 Rae8 21. Bd2 d4 22. Na4 Qb5 23. Rae1 c4 24. Bb4 cxb3 25.
Nb2 bxc2 26. Bxf8 Nxf8 27. Qh5 d3 28. Rf2 Rd8 29. Nxd3 Qxd3 30. Qh4 Rd7 31. Rc1 Ng6 32. Qh5 Nxf4 33. Qe8+ Kh7 34. Rcxc2 Qe3 35. Qa8 Rd1+ 36. Kh2 Nh5 37. Qf3 Qxe5+ 38. g3 Bd5 39. Qxd1 Qxg3# 0-1

[Event "Early-Titled-Tuesday-Blitz-December-26-2023"]
[Site "Chess.com"]
[Date "2023.12.26"]
[Round "2"]
[White "Msb2"]
[Black "ukchessbomber"]
[Result "0-1"]
[WhiteElo "3012"]
[BlackElo "2675"]
[TimeControl "180+1"]
[EndTime "8:17:38 PST"]
[Termination "ukchessbomber won by checkmate"]

1. d4 b6 2. c4 Bb7 3. Nc3 e6 4. a3 Nf6 5. Bf4 Be7 6. d5 O-O 7. Nf3 exd5 8. cxd5 Re8 9. e3 Na6 10. b4 Bd6 11. Bg3 Bxg3 12. hxg3 c5 13. dxc6 dxc6 14. Bd3 c5 15. b5 Nc7 16. Qc2 h6 17. O-O Qe7 18. Rad1 Ncd5 19. Bc4 Rad8 20. Nxd5 Bxd5 21.
Bxd5 Nxd5 22. Rd3 Qe4 23. Qd2 Re7 24. Rd1 Red7 25. Qe1 Nf6 26. Rxd7 Rxd7 27. Rxd7 Nxd7 28. Qd1 Nf6 29. a4 Nd5 30. Ne1 Nc3 31. Qd8+ Kh7 32. Nf3 Qxa4 33. Qd7 Qd1+ 34. Qxd1 Nxd1 35. Ne5 Nc3 36. Nxf7 Nxb5 37. Ne5 Nc3 38. Kf1 a5 39. Nc4 a4 40. Ke1 b5 41. Na5 a3 42. Kd2 b4 43.
Kd3 Kg6 44. Nb3 Na4 45. Nc1 Nb6 46. e4 c4+ 47. Kd4 b3 48. Kc3 b2 49. Kc2 bxc1=Q+ 50. Kxc1 Kf6 51. f4 Ke6 52. Kb1 g5 53. Ka2 c3 54.
Kxa3 g4 55. Kb3 Na4 56. Kc2 Kd6 57. Kb3 Kc5 58. f5 Kd6 59. Kc2 Ke5 60. Kb3 Nc5+ 61. Kxc3 Nxe4+ 62. Kd3 Nxg3 63. f6 Kxf6 64. Ke3 Kf5 65.
Kf2 Kf4 66. Kg1 h5 67. Kh2 h4 68. Kg1 Ne4 69. Kh2 Ke3 70. Kg1 Ke2 71. Kh2 Kf2 72. Kh1 Kg3 73. Kg1 Nf2 74. Kf1 h3 75. Kg1 h2+ 76.
Kf1 h1=Q+ 77. Ke2 Qd1+ 78. Ke3 Qd3# 0-1

[Event "Early-Titled-Tuesday-Blitz-December-26-2023"]
[Site "Chess.com"]
[Date "2023.12.26"]
[Round "2"]
[White "SCIM"]
[Black "AnaKuchava"]
[Result "1/2-1/2"]
[WhiteElo "2497"]
[BlackElo "2211"]
[TimeControl "180+1"]
[EndTime "8:17:41 PST"]
[Termination "Game drawn by repetition"]

1. Nf3 d5 2. g3 Nf6 3. Bg2 c5 4. c4 d4 5. O-O Nc6 6. e3 e5 7.
exd4 cxd4 8. Re1 Bd6 9. b4 Nxb4 10. Nxe5 O-O 11. a3 Na6 12. d3 Nc5 13. Bf4 Rb8 14. Nd2 Bf5 15. Nb3 Nxb3 16. Qxb3 Qc7 17. Re2 Nh5 18.
Rae1 Nxf4 19. gxf4 h6 20. Bd5 b6 21. f3 Kh8 22. c5 bxc5 23. Qc4 f6 24. Nf7+ Kh7 25.
Nxd6 Qxd6 26. Be4 Qxf4 27. Qc1 Qg5+ 28. Kh1 Bxe4 29. Rxe4 Qxc1 30. Rxc1 Rb3 31. Re7 Rxa3 32. Rxc5 Rxd3 33. Kg2 Rd2+ 34. Kg3 Rg8 35. Rxa7 d3 36. Rd5 Kg6 37. h4 Rd1 38. h5+ Kh7 39. Kf4 d2 40.
Ra2 Re8 41. Raxd2 Rxd2 42. Rxd2 Ra8 43. Kg4 Ra5 44. f4 Rb5 45. Rd8 Ra5 46. Rc8 Rb5 47.
Rd8 Ra5 48. Re8 Rb5 49. Re3 Ra5 50. Rc3 Rb5 51. Ra3 Rc5 52. Rb3 Ra5 53. Rb8 Rc5 54. Rd8 Ra5 1/2-1/2